AoeStats
← bumbsbomba74

Arabia

506348574Analyzed
1v1 RM · 19d ago on Sep 13, 2026· 21m 44s· 2 players
Game mode
Random Map
Map size
Tiny (2 player)
Population
200
Speed
Normal
Resources
Standard
Victory
Conquest
Starting age
Dark Age
Ending age
Imperial Age
RankedLock teamsTeams togetherTeam positionsShared explorationLock speedFull tech treeHidden civsTurbo modeCheats
Victory
Defeat
🇩🇪 Maya · Germany
1409
+16
🇨🇳 Saracens · China
1400
-16
——拉链——
4:57 Loom
10:04 Feudal Age
11:27 Double-Bit Axe
13:44 Town Watch
15:39 Fletching
20:48 Castle Age
19:04 Padded Archer Armor
19:18 Horse Collar
19:29 Gold Mining
21:25 Bodkin Arrow
20:51 Crossbowman
bumbsbomba74
0:26 Loom
9:28 Feudal Age
9:58 Double-Bit Axe
16:59 Padded Archer Armor
19:42 Castle Age
18:02 Fletching
20:27 Bodkin Arrow
20:40 Gold Mining
21:23 Bow Saw
21:09 Horse Collar
Connection lost

Rejoining the realm…

Still unreachable

The connection could not be restored.

Session expired

The server has moved on; the page needs a fresh start.